 Dungeon Crawl Stone Soup version 0.30.1 (webtiles) character file.

Game seed: 12861747631614132568

13808 Graphine the Scholar of Death (level 12, -1/91 HPs)
             Began as a Human Necromancer on July 12, 2023.
             Was a Follower of Kikubaaqudgha.
             Slain by a black mamba (11 damage)
             ... on level 11 of the Dungeon.
             The game lasted 00:49:26 (17205 turns).

Graphine the Scholar of Death (Human Necromancer)  Turns: 17205, Time: 00:49:28

Health: -1/91      AC: 12    Str:  9    XL:     12   Next: 37%
Magic:  0/22       EV: 19    Int: 27    God:    Kikubaaqudgha [*.....]
Gold:   673        SH:  0    Dex: 13    Spells: 8/25 levels left

rFire   . . .        x - staff of death "Jeqoifau" {rN+ SInv}
rCold   . . .        (no shield)
rNeg    + + .        m - +3 leather armour {rN+}
rPois   .            d - +2 hat {Stlth+}
rElec   .            b - +0 cloak {Will+}
rCorr   .            j - +0 pair of gloves
SInv    +            i - +0 pair of boots
Will    +....        f - amulet of the acrobat
Stlth   +++          G - +5 ring of evasion
HPRegen 0.35/turn    a - +6 ring of intelligence
MPRegen 0.18/turn

%: acrobat
@: animating dead
A: no striking features
a: Renounce Religion, Unearth Wretches


You were on level 11 of the Dungeon.
You worshipped Kikubaaqudgha.
Kikubaaqudgha was aware of your devotion.
You visited 2 branches of the dungeon, and saw 12 of its levels.

You collected 673 gold pieces.

Inventory:

Hand Weapons
 c - a +0 short sword of flaming
 q - a +4 short sword of speed
 u - a +0 shortbow
Missiles
 p - a throwing net
Armour
 b - a +0 cloak of willpower (worn)
 d - a +2 hat of stealth (worn)
 i - a +0 pair of boots (worn)
 j - a +0 pair of gloves (worn)
 l - a +2 robe of cold resistance
 m - a +3 leather armour of positive energy (worn)
Magical Staves
 x - the staff of death "Jeqoifau" (weapon) {rN+ SInv}
   (You found it on level 8 of the Dungeon)

   [staff of death]

   Base accuracy: +5 Base damage: 5 Base attack delay: 1.2 This weapon's minimum
   attack delay (0.6) is reached at skill level 12.
   rN:        It protects you from negative energy.
   SInv:      It lets you see invisible.
   It falls into the 'Staves' category.
   It is a one-handed weapon.
 I - a staff of cold
Jewellery
 a - a +6 ring of intelligence (right hand)
 f - an amulet of the acrobat (around neck)
 t - a ring of poison resistance
 w - a +6 ring of strength
 G - a +5 ring of evasion (left hand)
Wands
 e - a wand of polymorph (14)
 y - a wand of flame (3)
 C - a wand of quicksilver (1)
Scrolls
 z - 2 scrolls of identify
 E - 2 scrolls of butterflies
Potions
 g - 3 potions of curing
 h - 2 potions of haste
 k - 2 potions of mutation
 n - a potion of berserk rage
 o - a potion of might
 r - 2 potions of lignification
 s - a potion of attraction
 B - a potion of brilliance


   Skills:
 + Level 7.4 Fighting
 - Level 6.6 Short Blades
 + Level 2.9 Staves
 - Level 5.0 Armour
 + Level 7.8 Dodging
 - Level 2.0 Stealth
 + Level 7.1 Spellcasting
 * Level 11.4 Necromancy
 + Level 2.9 Evocations


You had 8 spell levels left.
You knew the following spells:

 Your Spells              Type           Power      Damage    Failure   Level
a - Necrotise             Necr           100%       1d9       1%          1
b - Vampiric Draining     Necr           82%        2d11      1%          3
c - Animate Dead          Necr           82%        N/A       1%          4
d - Agony                 Necr           82%        N/A       1%          5
e - Searing Ray           Conj           18%        2d5       12%         2
f - Cigotuvi's Dreadful   Necr/Pois/Air  90%        N/A       2%          2

Your spell library contained the following spells:

 Spells                   Type           Power      Damage    Failure   Level
 Kiss of Death            Conj/Necr      100%       2d13      1%          1
 Apportation              Tloc           18%        N/A       8%          1
 Foxfire                  Conj/Fire      36%        2x1d5     8%          1
 Magic Dart               Conj           36%        1d4       8%          1
 Summon Small Mammal      Summ           36%        N/A       8%          1
 Static Discharge         Conj/Air       18%        2-3/arc   12%         2
 Airstrike                Air            4%         2d(1-17)  58%         4
 Fulminant Prism          Conj/Hex       4%         3d5       58%         4
 Summon Lightning Spire   Summ/Air       9%         N/A       58%         4
 Fireball                 Conj/Fire      4%         3d4       91%         5
 Plasma Beam              Fire/Air       4%         2x1d16    100%        6
 Starburst                Conj/Fire      4%         6d4       100%        6


Dungeon Overview and Level Annotations

Branches:
Dungeon (11/15)            Temple (1/1) D:7            Lair (0/5) D:11
    Orc (0/2) D:9

Altars:
Ashenzari
Cheibriados
Dithmenos
Fedhas
Gozag
Hepliaklqana
Kikubaaqudgha
Makhleb
Nemelex Xobeh
Okawaru
Qazlal
Ru
Sif Muna
Trog
Uskayaw
Vehumet
Wu Jian
Xom
The Shining One

Shops:
D:9 *(


Message History

You feel a surge of power!
The black mamba writhes in agony.
The black mamba bites you but does no damage.
The black mamba barely misses you.
Your boulder beetle zombie bites the black mamba.
Casting: Necrotise (safe; 1% risk of failure)
Confirm with . or Enter, or press ? or * to list all spells.
Aiming: Necrotise (safe; 1% risk of failure)
Press: ? - help, Shift-Dir - straight line, f/p - black mamba
Aim: a black mamba (heavily wounded, ally target, chance to affect: 83%)
You feel a surge of power!
The black mamba barely resists.
The black mamba completely misses you. The black mamba bites you!
* * * LOW HITPOINT WARNING * * *
You are lethally poisoned!
The black mamba poisons you!
You feel better. The black mamba closely misses you.
Your boulder beetle zombie bites the black mamba.
Casting: Necrotise (safe; 1% risk of failure)
Confirm with . or Enter, or press ? or * to list all spells.
Aiming: Necrotise (safe; 1% risk of failure)
Press: ? - help, Shift-Dir - straight line, f/p - black mamba
Aim: a black mamba (severely wounded, not watching you, ally target, chance to affect: 83%)
You feel a surge of power!
The black mamba barely resists.
The black mamba completely misses you. The black mamba misses you.
Your boulder beetle zombie bites the black mamba.
Casting: Necrotise (safe; 1% risk of failure)
Confirm with . or Enter, or press ? or * to list all spells.
You don't have enough magic to cast this spell.
Unknown command.
Casting: Necrotise (safe; 1% risk of failure)
Confirm with . or Enter, or press ? or * to list all spells.
You don't have enough magic to cast this spell.
Unknown command.
Unknown command.
You closely miss the black mamba.
The black mamba is almost dead.
The black mamba bites you!
* * * LOW HITPOINT WARNING * * *
The black mamba bites you!
You die...
Kikubaaqudgha rasps: "You have failed me!
Welcome... death!"

..........##)########
.....#####..........#
..... #.....)......#
.... +...#..........#
... #####..........#
... #..........#
#.....Z....#
######S##### #@# #<#
#.# #+#


You could see a black mamba (ally target) and a friendly boulder beetle zombie.

Vanquished Creatures
  Gastronok (D:8)
  A boulder beetle (D:11)
  A two-headed ogre (D:9)
  Erica (D:10)
  Lodul (D:10)
  4 lindwurms (D:8)
  Pikel (D:4)
  A troll (D:10)
  Prince Ribbit (D:8)
  Grinder (D:4)
  A slime creature (D:8)
  Sigmund (D:4)
  4 yaks (D:8)
  A wyvern (D:9)
  A steam dragon (D:8)
  5 vampire mosquitoes
  Menkaure (D:4)
  An acid dragon (D:10)
  Edmund (D:6)
  An orc warrior (D:7)
  3 black bears
  2 ice beasts
  7 ogres (D:10)
  2 centaurs
  2 phantoms (D:5)
  4 kobold brigands
  3 bullfrogs
  3 scorpions
  7 wights
  3 killer bees (D:9)
  A howler monkey (D:7)
  2 electric eels
  2 jellies
  Crazy Yiuf (D:3)
  8 hounds
  2 orc priests
  2 gnoll boudas (D:7)
  3 sleepcaps
  Jessica (D:2)
  8 iguanas
  8 orc wizards
  A mummy (D:7)
  18 gnolls
  7 adders
  2 shadow imps
  An ufetubus (D:6)
  3 worms
  A dart slug (D:1)
  24 orcs
  4 bats
  14 endoplasms
  A giant cockroach (D:4)
  5 goblins
  7 hobgoblins
  6 jackals
  5 quokkas
  7 ball pythons
  3 frilled lizards
  27 kobolds
  8 rats
248 creatures vanquished.

Vanquished Creatures (collateral kills)
  Fannar (D:10)
  A wyvern (D:10)
  2 yaks (D:8)
  2 ogres (D:10)
  A centaur (D:9)
  2 wights (D:9)
  3 killer bees (D:9)
  A howler monkey (D:7)
  2 hounds
  A gnoll (D:7)
  3 adders
  A shadow imp (D:7)
  4 orcs
  A ball python (D:3)
  A bat (D:2)
  An endoplasm (D:2)
  A giant cockroach (D:2)
  A goblin (D:1)
  A jackal (D:5)
  5 kobolds
35 creatures vanquished.

Vanquished Creatures (others)
  5 yak zombies (D:8)
  A centaur zombie (D:10)
  5 killer bee zombies (D:9)
  6 ogre zombies (D:10)
  5 hound zombies (D:11)
  3 orc zombies (D:10)
  A kobold (D:10)
  6 kobold zombies
32 creatures vanquished.

Grand Total: 315 creatures vanquished

Notes
Turn   | Place    | Note
-------+----------+-------------------------------------------
     0 | D:1      | Graphine the Human Necromancer began the quest for the Orb.
     0 | D:1      | Reached XP level 1. HP: 13/13 MP: 3/3
   258 | D:1      | Reached XP level 2. HP: 20/20 MP: 1/5
  1340 | D:1      | HP: 1/20 [gnoll/+0 flail of protection (4)]
  1344 | D:1      | Reached XP level 3. HP: 2/25 MP: 0/6
  1513 | D:2      | Reached skill level 1 in Short Blades
  1656 | D:2      | Reached skill level 1 in Fighting
  1815 | D:2      | Reached XP level 4. HP: 32/32 MP: 3/7
  1823 | D:2      | Learned a level 3 spell: Vampiric Draining
  2036 | D:2      | Reached XP level 5. HP: 28/37 MP: 0/8
  2695 | D:2      | Noticed Jessica
  2702 | D:2      | Killed Jessica
  2970 | D:2      | Reached skill level 5 in Necromancy
  3387 | D:3      | Reached XP level 6. HP: 44/44 MP: 5/10
  3874 | D:3      | Found a runed translucent door.
  3930 | D:3      | Noticed Crazy Yiuf
  4165 | D:3      | Killed Crazy Yiuf
  4512 | D:4      | Noticed Pikel
  4532 | D:4      | Killed Pikel
  4533 | D:4      | Reached skill level 1 in Armour
  4533 | D:4      | Reached skill level 6 in Necromancy
  4533 | D:4      | Reached XP level 7. HP: 23/52 MP: 1/12
  4533 | D:4      | Reached XP level 8. HP: 26/58 MP: 1/13
  4795 | D:4      | Noticed Sigmund
  4800 | D:4      | Killed Sigmund
  4861 | D:4      | Found an opulent altar of Gozag.
  5031 | D:4      | Noticed Menkaure
  5038 | D:4      | Killed Menkaure
  5344 | D:4      | Noticed Grinder
  5365 | D:4      | Paralysed by Grinder for 3 turns
  5378 | D:4      | Killed Grinder
  5717 | D:5      | Entered Level 5 of the Dungeon
  5736 | D:5      | Reached XP level 9. HP: 65/65 MP: 8/15
  5741 | D:5      | Learned a level 4 spell: Animate Dead
  5747 | D:5      | Learned a level 5 spell: Agony
  5786 | D:5      | Identified the +1 ring mail of Caichi {rCorr Str+4 Int-3}
  5817 | D:5      | Reached skill level 7 in Necromancy
  6564 | D:6      | Noticed Edmund
  6572 | D:6      | Killed Edmund
  7178 | D:6      | Reached skill level 5 in Dodging
  7246 | D:6      | HP: 2/66 [vampire mosquito (10)]
  7599 | D:6      | Reached skill level 8 in Necromancy
  7853 | D:6      | You fall into a shaft and drop 2 floors!
  7882 | D:8      | Reached XP level 10. HP: 17/73 MP: 17/17
  8209 | D:7      | Reached skill level 5 in Short Blades
  8209 | D:7      | Reached skill level 5 in Spellcasting
  8495 | D:6      | Reached skill level 5 in Fighting
  8801 | D:6      | Learned a level 2 spell: Searing Ray
  9465 | D:7      | Found a staircase to the Ecumenical Temple.
  9486 | Temple   | Entered the Ecumenical Temple
  9495 | Temple   | Became a worshipper of Kikubaaqudgha
 10086 | D:7      | Reached skill level 9 in Necromancy
 10544 | D:7      | Found a snail-covered altar of Cheibriados.
 10711 | D:8      | Noticed Prince Ribbit
 10732 | D:8      | Killed Prince Ribbit
 10893 | D:8      | Noticed Gastronok
 10900 | D:8      | Reached skill level 5 in Armour
 10978 | D:8      | Killed Gastronok
 10978 | D:8      | Reached * piety under Kikubaaqudgha
 10978 | D:8      | Received a gift from Kikubaaqudgha
 10979 | D:8      | Reached XP level 11. HP: 7/81 MP: 12/19
 10982 | D:8      | Learned a level 2 spell: Cigotuvi's Dreadful Rot
 11388 | D:8      | Reached skill level 10 in Necromancy
 11629 | D:8      | Noticed a lindwurm
 11630 | D:8      | Noticed a lindwurm
 11632 | D:8      | Noticed a lindwurm
 11632 | D:8      | Noticed a lindwurm
 11643 | D:8      | Killed a lindwurm
 11643 | D:8      | HP: 2/81 [lindwurm/blast of flame (27)]
 12688 | D:8      | HP: 3/82 [lindwurm/blast of flame (38)]
 13484 | D:8      | Killed a lindwurm
 13570 | D:8      | Killed a lindwurm
 13791 | D:8      | Killed a lindwurm
 13815 | D:8      | Identified the staff of death "Jeqoifau" {rN+ SInv}
 13835 | D:9      | Noticed a centaur warrior
 13835 | D:9      | Noticed a green ugly thing
 13835 | D:9      | Noticed a deep elf pyromancer
 14290 | D:9      | Noticed a two-headed ogre
 14311 | D:9      | Killed a two-headed ogre
 14312 | D:9      | Reached skill level 1 in Staves
 14312 | D:9      | Reached skill level 1 in Evocations
 14325 | D:9      | Found Ywirruy's General Store.
 14713 | D:9      | Found Odihy's Antique Weapon Shoppe.
 14867 | D:9      | Noticed an orb spider
 15034 | D:9      | Found a staircase to the Orcish Mines.
 15147 | D:10     | Entered Level 10 of the Dungeon
 15191 | D:10     | Noticed Lodul
 15446 | D:10     | Killed Lodul
 15447 | D:10     | Reached XP level 12. HP: 91/91 MP: 13/22
 15543 | D:10     | Reached skill level 11 in Necromancy
 15604 | D:10     | Your ally Lodul died
 15903 | D:10     | Noticed Fannar
 16249 | D:10     | Found a hazy altar of Hepliaklqana.
 16308 | D:10     | Found a broken altar of Ashenzari.
 16398 | D:10     | Noticed Erica
 16434 | D:10     | Killed Erica
 16751 | D:10     | Killed Fannar
 17102 | D:11     | Found a staircase to the Lair.
 17102 | D:11     | Noticed a boulder beetle
 17156 | D:11     | Killed a boulder beetle
 17205 | D:11     | Slain by a black mamba

Illustrated notes

Levels and vault maps discovered:
D:1:      sevenhm_arrival_forest_fort_large_2, layout_basic
D:2:      cheibrodos_fertilizer, layout_basic, uniq_jessica
D:3:      layout_rooms, uniq_crazy_yiuf_cottage
D:4:      layout_loops_ring, kennysheep_mini_moat, uniq_pikel, uniq_grinder,
          uniq_sigmund, uniq_menkaure
D:5:      layout_cave_pools
D:6:      layout_cave_pods, kennysheep_dice, uniq_edmund
D:7:      black_bear_nest_2, layout_basic, slow_altar_2,
          minmay_temple_entry_trees, lemuel_flamethrower_1
D:8:      layout_basic, minmay_lindwurm_lava, uniq_prince_ribbit1,
          uniq_gastronok
D:9:      layout_loops_ring, orc_0_dummy, serial_shops,
          nicolae_shop_tiny_real_fake_doors, nicolae_shop_hallway_plus,
          minmay_misc_feat_tower, minivault_4, minivault_12
D:10:     layout_loops_ring, mainiacjoe_overflow_big_doors, dk_noncrumbling_4,
          dreamdust_princess_bridge, fountainhead, minmay_crystal_water,
          uniq_erica, uniq_fannar, uniq_lodul
D:11:     layout_roguey, erik_lair_island, nicolae_looking_at_the_future,
          uniq_urug
Temple:   dpeg_three_leaves_temple

Skill      XL: |  1  2  3  4  5  6  7  8  9 10 11 12 |
---------------+-------------------------------------+-----
Short Blades   | 1 2 3 4 6 |  6.6
Fighting       | 1 3 4 5 7 |  7.4
Necromancy     | 5 6 8 9 10 11 | 11.4
Dodging        | 3 4 5 6 7 |  7.8
Armour         | 1 2 4 5 |  5.0
Spellcasting   | 3 4 5 6 7 |  7.1
Staves         | 1 2 |  2.9
Evocations     | 2 |  2.9
Stealth        | |  2.0

Action                     |  1- 3 |  4- 6 |  7- 9 | 10-12 || total
---------------------------+-------+-------+-------+-------++-------
  Melee: Short sword       |     9 |    31 |   174 |    71 ||   285
         Staff             |       |       |       |    36 ||    36
         Punch             |       |       |       |     3 ||     3
   Fire: Shortbow          |       |       |       |   292 ||   292
  Throw: Throwing net      |       |       |     2 |       ||     2
   Cast: Necrotise         |    48 |   151 |   169 |   469 ||   837
         Vampiric Draining |       |     2 |     5 |     5 ||    12
         Searing Ray       |       |       |       |    10 ||    10
         Animate Dead      |       |       |       |    14 ||    14
         Cigotuvi's Dreadf |       |       |       |     3 ||     3
         Agony             |       |       |       |     2 ||     2
 Invoke: Unearth Wretches  |       |       |       |     1 ||     1
  Evoke: Wand              |       |       |     1 |    40 ||    41
    Use: Scroll            |     3 |     4 |     5 |    17 ||    29
         Potion            |       |     1 |     2 |    15 ||    18
   Stab: Distracted        |       |     1 |       |       ||     1
         Held in net/web   |       |       |     1 |       ||     1
 Armour: Robe              |     1 |    10 |       |       ||    11
         Leather armour    |       |     6 |    79 |   141 ||   226
  Dodge: Dodged            |     9 |    44 |   153 |   337 ||   543
